 Dungeon Crawl Stone Soup version 0.30.1-4-g462c640d31 (webtiles) character file.

Game seed: 3714632993328630106

576 Almogavar the Chopper (level 7, 0/61 HPs)
             Began as a Hill Orc Fighter on Aug 22, 2023.
             Was an Initiate of Makhleb.
             Succumbed to Duvessa's poison
             ... on level 4 of the Dungeon.
             The game lasted 00:07:50 (3402 turns).

Almogavar the Chopper (Hill Orc Fighter)            Turns: 3402, Time: 00:07:50

Health: 0/61       AC: 16    Str: 25    XL:     7   Next: 35%
Magic:  7/7        EV:  9    Int:  8    God:    Makhleb [......]
Gold:   168        SH:  9    Dex: 10    Spells: 6/6 levels left

rFire   + + +        q - +0 hand axe (freeze)
rCold   x . .        c - +0 buckler
rNeg    . . .        r - +0 fire dragon scales
rPois   .            g - +0 helmet
rElec   .            (no cloak)
rCorr   .            u - +0 pair of gloves
SInv    .            (no boots)
Will    .....        s - amulet of reflection Stlth
                     a - ring of Faful {rF+ AC+4 Str+4}
HPRegen 0.30/turn    (no ring)
MPRegen 0.10/turn

%: reflection
@: mighty, brilliant, lethally poisoned (0 -> -2), flying
A: MP-powered wands, devolution 1
a: Renounce Religion


You were on level 4 of the Dungeon.
You worshipped Makhleb.
Makhleb was noncommittal.
You visited 1 branch of the dungeon, and saw 4 of its levels.

You collected 168 gold pieces.

Inventory:

Hand Weapons
 n - the +9 short sword "Grim" {drain, rElec rPois rC++ Int+3}
   (You found it on level 2 of the Dungeon)

   Int:       It affects your intelligence (+3).
   rC:        It greatly protects you from cold.
   rElec:     It insulates you from electricity.
   rPois:     It protects you from poison.
 o - the +8 sling of Ash {elec, rPois rCorr Dex-5}
   (You found it on level 2 of the Dungeon)

   Dex:       It affects your dexterity (-5).
   rPois:     It protects you from poison.
   rCorr:     It protects you from acid and corrosion.
 q - a +0 hand axe of freezing (weapon)
Armour
 c - a +0 buckler (worn)
 g - a +0 helmet (worn)
 r - +0 fire dragon scales (worn)
 u - a +0 pair of gloves (worn)
Jewellery
 a - the ring of Faful (left hand) {rF+ AC+4 Str+4}
   (You took it off an orc on level 3 of the Dungeon)

   [ring of protection]

   AC:        It affects your AC (+4).
   Str:       It affects your strength (+4).
   rF:        It protects you from fire.
 s - an amulet of reflection (around neck)
Scrolls
 b - a scroll of enchant armour
 e - a scroll of amnesia {unknown}
 f - 2 scrolls of vulnerability {unknown}
 h - a scroll of teleportation
 j - a scroll of silence
 l - a scroll of noise {unknown}
 p - a scroll of magic mapping {unknown}
Potions
 i - a potion of brilliance


   Skills:
 + Level 5.0 Fighting
 + Level 7.2 Axes
 + Level 5.1 Armour
 + Level 4.7 Shields


You had 6 spell levels left.
You didn't know any spells.
Your spell library contained the following spells:

 Spells                   Type           Power      Damage    Failure   Level
 Sandblast                Erth           0%         2d4       80%         1
 Passwall                 Tmut/Erth      0%         N/A       91%         2
 Poisonous Vapours        Pois/Air       0%         N/A       91%         2
 Mephitic Cloud           Conj/Pois/Air  0%         N/A       99%         3
 Stone Arrow              Conj/Erth      0%         3d7       99%         3
 Freezing Cloud           Conj/Ice/Air   0%         6-21      100%        5


Dungeon Overview and Level Annotations

Branches:
Dungeon (4/15)
 Temple: D:4-7

Altars:
Makhleb

Annotations:
D:4 Dowan


Innate Abilities, Weirdness & Mutations

You expend magic power (3 MP) to strengthen your wands.
You have hidden genetic defects.


Message History

You barely miss Duvessa.
Duvessa is almost dead.
You feel very sick. Duvessa misses you.
You hit Duvessa but do no damage.
Duvessa is almost dead.
You feel very sick.
Duvessa hits you with a +2 short sword of venom!
* * * LOW HITPOINT WARNING * * *
You slash Duvessa! You freeze Duvessa.
You kill Duvessa!
Makhleb accepts your kill.
Dowan seems overcome with grief.
Dowan seems to find hidden reserves of power!
* * * LOW HITPOINT WARNING * * *
You feel very sick.
Your Fighting skill increases to level 5!
Your Axes skill increases to level 7!
You feel very sick.
You feel sick.
You feel sick. Dowan casts a spell at you. The stone arrow hits you.
* * * LOW HITPOINT WARNING * * *
Okay, then.
It was a potion of flight.
You feel very buoyant.
You fly up into the air.
* * * LOW HITPOINT WARNING * * *
You feel sick.
It was a potion of mutation.
You feel extremely strange.
You feel your magical essence link to the dungeon's wands.
You feel a hidden malignance growing inside you.
* * * LOW HITPOINT WARNING * * *
You feel sick. You block Dowan's attack.
You completely miss Dowan.
* * * LOW HITPOINT WARNING * * *
You feel sick. Dowan barely misses you.
You feel clever all of a sudden.
You die...

#.. .. #.# ..
######.## .#
#.....[.##.# .
####..........# .
............#.### .
#............# #
#............#
########.......#@#..#
##.............#e# #
##.########.####.#
##.# #.# #.# ...# #.#
#)# #..# #.# #.....#
#..# .# #..(.e..:.
#..### #.....####
#....# ..$...#


You could see Dowan (fast).

Vanquished Creatures
  Duvessa (D:4)
  A phantom (D:4)
  A scorpion (D:4)
  A jelly (D:4)
  An orc priest (D:3)
  Jessica (D:2)
  An orc wizard (D:3)
  Natasha (thrice) (D:3)
  8 gnolls
  An adder (D:2)
  2 worms
  5 orcs (D:3)
  2 bats
  6 endoplasms
  3 giant cockroaches
  5 goblins
  5 hobgoblins
  2 quokkas
  5 ball pythons
  3 frilled lizards
  7 kobolds
  6 rats
70 creatures vanquished.

Notes
Turn   | Place    | Note
-------+----------+-------------------------------------------
     0 | D:1      | Almogavar the Hill Orc Fighter began the quest for the Orb.
     0 | D:1      | Reached XP level 1. HP: 19/19 MP: 1/1
   170 | D:1      | Reached XP level 2. HP: 26/27 MP: 2/2
   480 | D:1      | You fall into a shaft and drop 1 floor!
   498 | D:2      | Reached skill level 3 in Axes
   574 | D:2      | Noticed Jessica
   588 | D:2      | Killed Jessica
   589 | D:2      | Reached XP level 3. HP: 21/33 MP: 3/3
  1051 | D:2      | Reached XP level 4. HP: 37/40 MP: 4/4
  1082 | D:2      | Identified the +9 short sword "Grim" {drain, rElec rPois
                  | rC++ Int+3}
  1106 | D:2      | Identified the +8 sling of Ash {elec, rPois rCorr Dex-5}
  1419 | D:2      | Reached skill level 4 in Axes
  1885 | D:3      | Reached XP level 5. HP: 47/47 MP: 5/5
  1899 | D:3      | Identified the ring of Faful {rF+ AC+4 Str+4}
  1913 | D:3      | Reached skill level 5 in Axes
  2014 | D:3      | Found a faded altar of an unknown god.
  2460 | D:3      | Noticed Natasha
  2477 | D:3      | Killed Natasha
  2478 | D:3      | Reached XP level 6. HP: 42/53 MP: 6/6
  2538 | D:3      | Noticed Natasha
  2551 | D:3      | Killed Natasha
  2654 | D:3      | Reached skill level 6 in Axes
  2682 | D:3      | Noticed Natasha
  2692 | D:3      | Killed Natasha
  3039 | D:3      | Found a burning altar of Makhleb.
  3047 | D:3      | Became a worshipper of Makhleb the Destroyer
  3271 | D:4      | Reached XP level 7. HP: 48/60 MP: 7/7
  3330 | D:4      | Reached skill level 5 in Armour
  3364 | D:4      | Noticed Duvessa
  3364 | D:4      | Noticed Dowan
  3395 | D:4      | Killed Duvessa
  3396 | D:4      | Reached skill level 5 in Fighting
  3396 | D:4      | Reached skill level 7 in Axes
  3399 | D:4      | HP: 3/61 [poisoned by Duvessa]
  3400 | D:4      | Gained mutation: You expend magic power (3 MP) to
                  | strengthen your wands. [potion of mutation]
  3400 | D:4      | Gained mutation: You have hidden genetic defects. [potion
                  | of mutation]
  3400 | D:4      | HP: 1/61 [poisoned by Duvessa]
  3402 | D:4      | Succumbed to Duvessa's poison

Illustrated notes

Levels and vault maps discovered:
D:1:      dpeg_arrival_lava_temple_mockup, layout_loops_ring
D:2:      layout_loops_corners, uniq_jessica
D:3:      layout_basic, lemuel_coloured_pillars_altar, basic_ecumenical_altar,
          uniq_natasha
D:4:      layout_loops_ring, uniq_duvessa

Skill      XL: |  1  2  3  4  5  6  7 |
---------------+----------------------+-----
Axes           | 3 4 5 6 7 |  7.2
Fighting       | 4 5 |  5.0
Shields        | 4 |  4.7
Armour         | 4 5 |  5.1

Action                     |  1- 3 |  4- 6 |  7- 9 || total
---------------------------+-------+-------+-------++-------
  Melee: War axe           |    69 |    60 |       ||   129
         Hand axe          |       |   108 |    28 ||   136
    Use: Scroll            |     1 |     5 |       ||     6
         Potion            |       |       |     5 ||     5
 Armour: Scale mail        |    22 |    26 |       ||    48
         Fire dragon scale |       |    25 |     8 ||    33
  Dodge: Dodged            |    31 |    63 |    11 ||   105
  Block: Buckler           |    18 |    49 |     8 ||    75
